 Dungeon Crawl Stone Soup version 0.31-a0-358-gac0dbeb3ab (webtiles) character file.

Game seed: 732587125936919216

1549033 GordonOverkill the Axe Maniac (level 26, 266/266 HPs)
             Began as a Vampire Delver on July 24, 2023.
             Was a High Priest of Trog.
             Escaped with the Orb
             ... and 3 runes on July 26, 2023!
             The game lasted 02:54:18 (80246 turns).

GordonOverkill the Axe Maniac (Vampire Delver)     Turns: 80246, Time: 02:54:18

Health: 266/266    AC: 32    Str: 37    XL:     26   Next: 13%
Magic:  23/23      EV: 12    Int: 13    God:    Trog [*****.]
Gold:   2192       SH: 22    Dex: 20    Spells: 25/25 levels left

rFire   + + +        b - +9 broad axe (flame)
rCold   + + .        s - +1 tower shield {AC+3}
rNeg    + . .        p - +5 gold dragon scales
rPois   +            K - +2 helmet
rElec   +            v - +0 cloak of Untruth {rF++ Str+5 Stlth-}
rCorr   .            D - +2 pair of gloves {Str+3}
SInv    +            R - +0 pair of boots of Hangman {rPois Str+4}
Will    ++++.        e - amulet of regeneration Stlth
                     S - ring of Tucooph {rC+ rN+ Will++}
HPRegen 1.64/turn    J - ring "Imme" {rElec rF+ Str+6 Int+3 Dex+2}
MPRegen 0.18/turn

%: no passive effects
@: healing quickly, studying 2 skills
A: alive, fangs 3, see invisible, vampiric 2, deformed body, deterioration 1,
dopey 2, robust 1, subdued magic 2
0: Orb of Zot
}: 3/15 runes: serpentine, barnacled, silver
a: Exsanguinate, Renounce Religion, Berserk, Trog's Hand, Brothers in Arms


You escaped.
You worshipped Trog.
Trog was extremely pleased with you.
You visited 10 branches of the dungeon, and saw 48 of its levels.
You visited the Abyss 1 time.
You visited 1 bazaar.
You also visited: Gauntlet.

You collected 8726 gold pieces.
You spent 6534 gold pieces at shops.

Inventory:

Hand Weapons
 a - a +9 antimagic broad axe
 b - a +9 broad axe of flaming (weapon)
Missiles
 i - 8 throwing nets
 l - 15 javelins (quivered)
 H - 9 curare-tipped darts
Armour
 p - +5 gold dragon scales (worn)
 s - a +1 tower shield of protection (worn)
 v - the +0 cloak of Untruth (worn) {rF++ Str+5 Stlth-}
   (You acquired it on level 3 of the Vaults)

   Str:       It affects your strength (+5).
   rF:        It greatly protects you from fire.
   Stlth:     It makes you less stealthy.
 D - a +2 pair of gloves of strength (worn)
 E - the +0 pair of gloves of Hide-and-Seek {-Tele rCorr SInv}
   (You found it on level 4 of the Depths)

   SInv:      It lets you see invisible.
   -Tele:     It prevents most forms of teleportation.
   rCorr:     It protects you from acid and corrosion.
 K - a +2 helmet (worn)
 R - the +0 pair of boots of Hangman (worn) {rPois Str+4}
   (You found it on level 4 of the Realm of Zot)

   Str:       It affects your strength (+4).
   rPois:     It protects you from poison.
Jewellery
 d - an amulet of reflection
 e - an amulet of regeneration (around neck)
 z - a ring of protection from cold
 F - a ring of fire
 I - a ring of flight
 J - the ring "Imme" (right hand) {rElec rF+ Str+6 Int+3 Dex+2}
   (You bought it in a shop on level 4 of the Depths)

   [ring of strength]

   Str:       It affects your strength (+6).
   Int:       It affects your intelligence (+3).
   Dex:       It affects your dexterity (+2).
   rF:        It protects you from fire.
   rElec:     It insulates you from electricity.
 L - the ring "Oxavoclan" {Ice rPois rCorr Int+4 Dex-4}
   (You took it off Josephina on level 4 of the Realm of Zot)

   [ring of ice]

   It enhances your ice magic.
   Int:       It affects your intelligence (+4).
   Dex:       It affects your dexterity (-4).
   rF:        It makes you vulnerable to fire.
   rC:        It protects you from cold.
   rPois:     It protects you from poison.
   rCorr:     It protects you from acid and corrosion.
 S - the ring of Tucooph (left hand) {rC+ rN+ Will++}
   (You acquired it on level 4 of the Shoals)

   [ring of positive energy]

   rC:        It protects you from cold.
   rN:        It protects you from negative energy.
   Will:      It greatly increases your willpower.
Wands
 g - a wand of digging (38)
 x - a wand of light (22)
 G - a wand of polymorph (4)
 N - a wand of charming (51)
 Q - a wand of roots (43)
 T - a wand of mindburst (30)
Scrolls
 f - 5 scrolls of silence
 o - 21 scrolls of teleportation
 q - 15 scrolls of immolation
 r - 7 scrolls of fog
 y - 5 scrolls of revelation
 B - 2 scrolls of summoning
 C - 12 scrolls of fear
 P - 30 scrolls of identify
 W - 6 scrolls of poison
 Y - 3 scrolls of blinking
Potions
 c - 2 potions of resistance
 h - 2 potions of might
 j - 29 potions of curing
 k - a potion of berserk rage
 m - 6 potions of mutation
 n - 14 potions of enlightenment
 t - 5 potions of cancellation
 u - 4 potions of invisibility
 w - 9 potions of attraction
 A - 9 potions of lignification
 M - 6 potions of heal wounds
 O - a potion of haste
 V - 10 potions of ambrosia


   Skills:
 O Level 27 Fighting
 - Level 3.8 Short Blades
 O Level 27 Axes
 - Level 2.0 Throwing
 - Level 15.0 Armour
 - Level 10.0 Dodging
 - Level 7.4 Stealth
 + Level 17.0 Shields
 - Level 6.0 Evocations


You had 25 spell levels left.
You didn't know any spells.
Your spell library contained the following spells:

 Spells                   Type           Power      Damage    Failure   Level
 Sting                    Tmut/Pois      0%         1d3       99%         1
 Poisonous Vapours        Pois/Air       0%         N/A       100%        2
 Hailstorm                Conj/Ice       0%         3d3       100%        3
 Portal Projectile        Hex/Tloc       0%         N/A       100%        3
 Tukima's Dance           Hex            0%         N/A       100%        3
 Vhi's Electric Charge    Tloc/Air       0%         N/A       100%        3
 Iskenderun's Mystic Bla  Conj/Tloc      0%         2d3       100%        4
 Olgreb's Toxic Radiance  Pois           0%         N/A       100%        4
 Summon Ice Beast         Ice/Summ       0%         N/A       100%        4
 Arcjolt                  Conj/Air       0%         1d10      100%        5
 Plasma Beam              Fire/Air       0%         2x1d10    100%        6
 Simulacrum               Ice/Necr       0%         N/A       100%        6


Dungeon Overview and Level Annotations

Branches:
Dungeon (15/15)            Temple (1/1) D:7            Lair (5/5) D:8
 Shoals (4/4) Lair:3        Snake (4/4) Lair:3        Slime (0/5) Lair:4
    Orc (2/2) D:11            Elf (3/3) Orc:2        Vaults (5/5) D:13
  Crypt (0/3) Vaults:2     Depths (4/4) D:15            Zot (5/5) Depths:4
Gauntlet (visited)

Altars:
Ashenzari
Cheibriados
Dithmenos
Fedhas
Gozag
Hepliaklqana
Kikubaaqudgha
Makhleb
Nemelex Xobeh
Okawaru
Qazlal
Ru
Sif Muna
Trog
Uskayaw
Vehumet
Wu Jian
Xom
Yredelemnul
Jiyva

Shops:
D:6 (   Orc:2 ([:?:   Elf:1 ?   Shoals:2 :!:   Snake:3 (   Snake:4 *
Vaults:3 ?   Vaults:4 [   Depths:3 :((!   Depths:4 =::*

Portals:
Hell: Depths:1 Depths:2 Depths:3 Depths:4
Abyss: Depths:1 Depths:3
Pandemonium: Depths:1 Depths:2
Ziggurat: Depths:1

Annotations:
D:4 Edmund
D:7 1 runed translucent door, exclusion: door, Crazy Yiuf
Lair:3 2 runed translucent doors, Urimisua's ghost, journeyman DgDe


Innate Abilities, Weirdness & Mutations

Your natural rate of healing is accelerated.
You have razor-sharp teeth.
You have supernaturally acute eyesight. (SInv)
You are afflicted with vampirism and can become a bat while bloodless.
Armour fits poorly on your strangely shaped body.
Your body sometimes deteriorates upon taking damage.
You are very dopey. (Int -4)
You are robust. (+10% HP)
Your spells are easier to cast, but less powerful.


Message History

No target in view!
No target in view!
(D) Dungeon (T) Temple (L) Lair (A) Shoals (P) Snake Pit (M) Slime Pits (O) Orcish Mines (E) Elven Halls (V) Vaults (C) Crypt (U) Depths (H) Hell (Z) Zot
Where to? (Enter - D:1 @ (x,y), ? - help)
What level of the Dungeon? (default 1, ? - help)
There is a stone staircase leading up here.
You climb upwards.
There is a stone staircase leading down here.
There is a large open door here.
There is a large open door here.
There is an open door here.
There is an open door here.
There is an open gate here.
A rust devil comes into view.
The rust devil screeches!
There is an open door here.
You slash the rust devil!
The rust devil is lightly wounded.
You slash the rust devil!
The rust devil is heavily wounded.
You block the rust devil's attack.
You slice the rust devil!!
The rust devil is almost dead.
You block the rust devil's attack.
You hit the rust devil.
The rust devil is almost dead.
You block the rust devil's attack.
You slice the rust devil like a ripe choko!!!
You kill the rust devil!
Trog accepts your kill.
No target in view!
No target in view!
There is an open door here.
There is an open door here.
There is an open door here.
There is a staircase leading out of the dungeon here.
You have escaped!

..# #.# ################
..# #.# #......#.......#
..# #.# #.#....#.......#
..# #.# #......'.......#
#####.### #...########...#
........####...#..'...#...#
######....##...#..#...#...#
#.#''##'''#'##...#...#
#.#...#...#@##'#+#+#'#
#.#...#...###....#...#
#.#...#.....#....#...#
#.#...#.#...#....#...#
#.#...#.....'....#...#
#.#...############...#
#.+.........'........#
#.+.........'........#
###.........#........#


There were no monsters in sight!

Vanquished Creatures
  2 dread liches (Zot:5)
  7 orbs of fire
  An ancient lich (Vaults:4)
  The ghost of Ratusom the Merry Naga, a legendary NaHu of Hepliaklqana (Zot:4)
  A juggernaut (Depths:3)
  Josephina (Zot:4)
  Sojobo (Vaults:3)
  Bai Suzhen (Vaults:3)
  10 Killer Klowns
  2 curse toes (Zot:4)
  11 golden dragons
  A caustic shrike (Depths:3)
  Jory (Vaults:2)
  A Tzitzimitl (Zot:2)
  2 bone dragons
  A doom hound (Depths:1)
  3 electric golems
  17 tentacled monstrosities
  2 hellephants (Depths:1)
  Jorgrun (Shoals:1)
  28 Orb Guardians
  The ghost of Catuneh the Warrior, an adept MiFi of the Shining One (Elf:2)
  Asterion (Elf:1)
  A walking earthen tome (Depths:2)
  3 liches
  3 deep elf blademasters
  6 quicksilver dragons
  A deep elf master archer (Depths:1)
  4 titans
  5 sphinxes
  An Executioner (Depths:2)
  3 krakens
  11 death cobs
  12 tengu reavers
  24 storm dragons
  2 draconian monks
  Aizul (Snake:3)
  16 shadow dragons
  11 fire giants
  3 nagarajas
  8 frost giants
  6 draconian knights
  9 draconian scorchers
  16 vault wardens
  2 iron dragons (Depths:3)
  Louise (Snake:1)
  10 deep elf sorcerers
  A balrug (Depths:3)
  5 angels
  3 ghost moths (Zot:2)
  5 draconian stormcallers
  2 deep elf elementalists
  8 draconian shifters
  4 war gargoyles
  2 formless jellyfish (Vaults:2)
  16 ironbound preservers
  9 stone giants
  7 draconian annihilators
  11 ironbound thunderhulks
  An orc warlord (Orc:2)
  9 very ugly things
  A quicksilver ooze (shapeshifter) (Vaults:4)
  2 deep elf demonologists
  7 deep elf annihilators
  A demonspawn black sun (Depths:4)
  12 black draconians
  11 green draconians
  A minotaur (Gauntlet)
  12 red draconians
  The ghost of Kehih the Brawler, a journeyman DrMo of Yredelemnul (D:15)
  5 yellow draconians
  18 dire elephants
  12 white draconians
  16 purple draconians
  4 spark wasps
  A wendigo (Depths:4)
  3 blizzard demons
  4 crystal guardians (Vaults:3)
  14 ettins
  4 deep elf death magi
  8 fire dragons
  11 merfolk impalers
  6 merfolk javelineers
  4 great orbs of eyes
  5 deep elf high priests
  17 yaktaur captains
  4 salamander tyrants
  9 hydras
  Harold (D:10)
  40 vault guards
  A catoblepas (D:14)
  Fannar (D:10)
  7 peacekeepers
  A quicksilver dragon skeleton (Depths:1)
  4 rakshasas
  A spriggan air mage (Depths:1)
  A spriggan zombie (Depths:1)
  11 ironbound frosthearts
  2 merfolk aquamancers
  An ogre mage (Vaults:5)
  2 merfolk avatars
  A hell beast (Depths:3)
  14 anacondas
  7 ice dragons
  2 alligator snapping turtles (Shoals:4)
  4 two-headed ogres
  11 centaur warriors
  A deep troll earth mage (D:14)
  2 death knights (D:14)
  5 boulder beetles
  4 deep troll shamans
  32 dancing weapons
  5 tengu warriors
  15 naga warriors
  A vampire mage (Depths:1)
  4 shock serpents
  A spriggan berserker (Depths:1)
  15 deep elf knights
  6 orc high priests
  2 naga sharpshooters (Snake:2)
  A soul eater (Depths:4)
  4 skeletal warriors
  10 salamander mystics
  7 hell knights
  A sixfirhy (Depths:1)
  A spectral death yak (Lair:5)
  5 iron trolls
  A spectral anaconda (Lair:5)
  2 skysharks
  A deep troll (shapeshifter) (D:15)
  A spark wasp zombie (Depths:1)
  Lodul (D:14)
  3 large abominations (Depths:2)
  14 sea snakes
  3 flayed ghosts
  2 glowing orange brains
  7 naga ritualists
  2 obsidian statues
  25 ironbound convokers
  26 deep trolls
  12 deep elf archers
  12 wizards
  A tengu zombie (Vaults:3)
  10 lindwurms
  A lindwurm (shapeshifter) (Vaults:5)
  5 phantasmal warriors
  28 deep elf zephyrmancers
  A harpy (shapeshifter) (D:14)
  22 harpies
  14 mana vipers
  31 deep elf pyromancers
  13 orc knights
  6 necromancers
  7 cyclopes
  16 manticores
  20 salamanders
  24 moths of wrath
  A cyclops (shapeshifter) (Vaults:4)
  17 fauns
  38 ugly things
  2 rust devils
  18 elephants
  12 water nymphs
  Joseph (Lair:1)
  36 black mambas
  11 naga magi
  A titan simulacrum (Depths:4)
  5 guardian serpents (Snake:4)
  A cane toad (shapeshifter) (Vaults:4)
  9 merfolk sirens
  A dire elephant zombie (Lair:5)
  An eye of devastation (D:15)
  13 vault sentinels
  A gargoyle (D:10)
  2 orange demons
  23 cane toads
  2 dire elephant skeletons (Lair:5)
  2 unseen horrors
  A rime drake (shapeshifter) (D:14)
  An unseen horror zombie (D:9)
  4 rime drakes
  2 kobold demonologists
  A yaktaur (shapeshifter) (Depths:4)
  2 efreet
  27 yaktaurs
  4 komodo dragons
  2 freezing wraiths
  A hellion (Depths:1)
  3 tengu conjurers
  2 trolls
  20 merfolk
  A meliai (D:14)
  A queen bee (Lair:3)
  8 wind drakes
  3 polar bears
  10 blink frogs
  2 shadow dragon simulacra
  6 snapping turtles
  2 hornets (D:10)
  2 spectral elephants (Lair:5)
  A blink frog (shapeshifter) (Vaults:5)
  9 dream sheep
  A draconian simulacrum (Zot:4)
  A jumping spider (shapeshifter) (Elf:1)
  43 slime creatures
  12 air elementals
  A centaur simulacrum (D:14)
  35 water elementals
  4 wyverns
  A ynoxinul (Depths:1)
  2 shadows
  38 yaks
  6 fire elementals
  2 basilisks (shapeshifter) (D:15)
  9 humans (D:13)
  4 wraiths
  A purple draconian simulacrum (Zot:4)
  4 basilisks
  3 steam dragons
  14 vampire mosquitoes
  2 death yak simulacra (Lair:5)
  35 nagas
  A neqoxec (Depths:1)
  2 spectral cane toads (Lair:5)
  A white draconian simulacrum (Zot:4)
  A swamp worm (D:11)
  5 wargs
  9 water moccasins
  4 acid dragons
  38 orc warriors
  2 black bears (D:6)
  An ice beast (shapeshifter) (Vaults:4)
  3 ice beasts
  9 ogres
  An elephant zombie (Lair:5)
  7 centaurs
  5 wolves (Gauntlet)
  3 elephant skeletons (Lair:5)
  4 phantoms
  2 kobold brigands
  A gnoll sergeant (D:5)
  11 bullfrogs
  A necrophage (D:9)
  3 cane toad simulacra (Lair:5)
  6 earth elementals
  A human skeleton (Vaults:3)
  5 wights
  29 killer bees
  An elephant simulacrum (Lair:5)
  4 howler monkeys
  2 electric eels (D:11)
  5 centaur zombies (D:9)
  A crimson imp (D:9)
  7 jellies
  3 hounds
  2 human zombies
  An iron imp (D:7)
  32 orc priests
  3 starcursed masses (Elf:1)
  A gnoll bouda (D:7)
  3 sleepcaps
  An iguana (D:5)
  27 orc wizards
  4 hell rats (D:7)
  2 mummies (D:9)
  A howler monkey zombie (D:9)
  13 gnolls
  7 adders
  25 river rats (D:7)
  A shadow imp (D:6)
  7 white imps
  3 ufetubi
  A worm (D:3)
  3 dart slugs
  114 orcs
  4 bats
  4 endoplasms
  5 giant cockroaches
  7 hobgoblins
  12 kobolds
  4 quokkas
  7 ball pythons
  5 frilled lizards
  4 goblins
  5 rats
  9 tentacles
2102 creatures vanquished.

Vanquished Creatures (collateral kills)
  Saint Roka (Vaults:1)
  A sphinx (Vaults:1)
  An ironbound preserver (Vaults:1)
  2 war gargoyles
  A dire elephant (Vaults:1)
  An ettin (D:12)
  A yaktaur captain (Vaults:1)
  2 vault guards
  An anaconda (Snake:4)
  A two-headed ogre (D:11)
  A boulder beetle (Vaults:2)
  A naga warrior (Snake:4)
  3 death yaks (Lair:5)
  A skeletal warrior (D:13)
  2 deep trolls (Vaults:3)
  A naga ritualist (Snake:1)
  2 slime creatures (Vaults:1)
  A deep elf archer (Elf:3)
  2 lindwurms
  An orc sorcerer (Vaults:1)
  A salamander (Snake:4)
  2 black mambas
  A merfolk siren (Shoals:4)
  2 elephants (Lair:2)
  A naga mage (Snake:2)
  A komodo dragon (D:8)
  A troll (Orc:1)
  2 blink frogs (Lair:2)
  A dream sheep (Lair:4)
  A yak (D:9)
  A wyvern (D:8)
  A water moccasin (Lair:5)
  A naga (Snake:3)
  An orc warrior (Orc:2)
  A centaur (D:8)
  A killer bee (D:10)
  2 orc priests
  6 orcs
54 creatures vanquished.

Vanquished Creatures (others)
  Nikola (Snake:4)
  A deep elf demonologist (Elf:1)
  A black draconian (Zot:3)
  A centaur warrior (Vaults:3)
  A merfolk aquamancer (Shoals:2)
  A deep elf knight (Elf:3)
  A spriggan simulacrum (Depths:4)
  A wizard (Vaults:4)
  A storm dragon simulacrum (Depths:4)
  A yaktaur (Vaults:4)
  A merfolk (Shoals:2)
  A water elemental (Elf:2)
  A human (D:13)
  A killer bee (D:10)
  3 orcs (D:9)
  A kobold (D:7)
  11 tentacles
29 creatures vanquished.

Grand Total: 2185 creatures vanquished

Notes
Turn   | Place    | Note
-------+----------+-------------------------------------------
     0 | D:5      | GordonOverkill the Vampire Delver began the quest for the
                  | Orb.
     0 | D:5      | Reached XP level 1. HP: 17/17 MP: 1/1
    25 | D:6      | Noticed a sleepcap
    25 | D:6      | Noticed a sleepcap
    42 | D:4      | Noticed a phantom
    42 | D:4      | Noticed a jelly
    57 | D:4      | Noticed an orc priest
   277 | D:1      | Reached XP level 2. HP: 23/23 MP: 2/2
  1370 | D:2      | Gained mutation: You are afflicted with vampirism and can
                  | become a bat while bloodless. [Vampire growth]
  1370 | D:2      | Reached XP level 3. HP: 28/28 MP: 3/3
  1679 | D:3      | Found a faded altar of an unknown god.
  1810 | D:3      | Reached XP level 4. HP: 35/35 MP: 4/4
  1878 | D:3      | Reached skill level 1 in Throwing
  1970 | D:3      | Reached skill level 1 in Axes
  2971 | D:4      | Reached XP level 5. HP: 31/35 MP: 5/5
  3220 | D:4      | Reached XP level 6. HP: 38/46 MP: 6/6
  3652 | D:4      | Reached skill level 5 in Axes
  3698 | D:3      | Reached XP level 7. HP: 52/52 MP: 7/7
  4218 | D:4      | Noticed Edmund
  4963 | D:6      | Reached XP level 8. HP: 51/58 MP: 8/8
  5201 | D:6      | Found Ecifus's Antique Weapon Shoppe.
  6276 | D:7      | Found a staircase to the Ecumenical Temple.
  6282 | D:7      | Noticed a +0 dagger
  6282 | D:7      | Noticed a +0 spear
  6283 | D:7      | Noticed a +0 falchion
  6299 | D:7      | Reached skill level 10 in Axes
  6299 | D:7      | Reached XP level 9. HP: 58/63 MP: 9/9
  6430 | D:7      | Noticed a +0 spear
  6431 | D:7      | Noticed a +0 dagger
  6431 | D:7      | Noticed a +0 short sword
  6432 | D:7      | Noticed a +0 short sword
  6432 | D:7      | Noticed a +0 falchion
  6434 | D:7      | Found a hide-covered altar of Uskayaw.
  6671 | D:7      | Found a runed translucent door.
  6672 | D:7      | Noticed Crazy Yiuf
  7172 | D:7      | Found the +2 ratskin cloak {*Rats rPois rN+ Str-1 Int-1
                  | Dex+1}
  7592 | Temple   | Entered the Ecumenical Temple
  7602 | Temple   | Became a worshipper of Trog the Wrathful
  8047 | D:8      | Found a snail-covered altar of Cheibriados.
  8061 | D:8      | Found an ancient bone altar of Kikubaaqudgha.
  8064 | D:8      | Found a burning altar of Makhleb.
  8286 | D:8      | Noticed Psyche
  8287 | D:8      | Psyche changed into Psyche the ogre
  8287 | D:8      | Noticed Psyche
  8294 | D:8      | Killed Psyche the ogre
  8479 | D:8      | Noticed a komodo dragon
  8496 | D:8      | Killed a komodo dragon
  8496 | D:8      | Reached * piety under Trog
  8500 | D:8      | Reached XP level 10. HP: 40/70 MP: 10/10
  8565 | D:8      | Found a staircase to the Lair.
  8925 | D:9      | Reached skill level 1 in Evocations
  8951 | D:9      | Reached skill level 1 in Armour
  8999 | D:9      | Found a basalt altar of Yredelemnul.
  9434 | D:9      | Reached ** piety under Trog
  9944 | D:9      | Found a shimmering blue altar of Sif Muna.
 10090 | D:10     | Entered Level 10 of the Dungeon
 10220 | D:10     | Noticed a two-headed ogre
 10222 | D:10     | Paralysed by a hornet for 2 turns
 10368 | D:10     | Reached XP level 11. HP: 78/78 MP: 11/11
 10386 | D:10     | Paralysed by a hornet for 3 turns
 10433 | D:10     | Noticed Fannar
 10471 | D:10     | Killed Fannar
 10472 | D:10     | Reached skill level 5 in Fighting
 10663 | D:10     | Noticed Sonja
 10670 | D:10     | Sonja changed into Sonja the bullfrog
 10670 | D:10     | Noticed Sonja
 10674 | D:10     | Killed Sonja the bullfrog
 10744 | D:10     | Noticed a two-headed ogre
 10755 | D:10     | Killed a two-headed ogre
 10930 | D:10     | Killed a two-headed ogre
 11192 | D:11     | Noticed Harold
 11209 | D:10     | Killed Harold
 11264 | D:11     | Reached *** piety under Trog
 12131 | D:11     | Noticed a two-headed ogre
 12141 | D:11     | Killed a two-headed ogre
 12142 | D:11     | Reached skill level 5 in Armour
 12470 | D:11     | Noticed a boulder beetle
 12483 | D:11     | Killed a boulder beetle
 12806 | D:11     | Found a staircase to the Orcish Mines.
 13227 | Lair:1   | Entered Level 1 of the Lair of Beasts
 13243 | Lair:1   | Reached skill level 15 in Axes
 13360 | Lair:1   | Reached XP level 12. HP: 88/88 MP: 12/12
 13450 | Lair:1   | Noticed Joseph
 13455 | Lair:1   | Killed Joseph
 14658 | Lair:2   | Found a gate leading to a gauntlet.
 14683 | Gauntlet | Entered a Gauntlet
 14683 | Gauntlet | Found a transporter.
 14683 | Gauntlet | Found a transporter.
 14793 | Gauntlet | Found a transporter.
 14808 | Gauntlet | Found a transporter.
 14826 | Gauntlet | Found a transporter.
 14835 | Gauntlet | Found a transporter.
 14851 | Gauntlet | Found a transporter.
 14917 | Gauntlet | Found a transporter.
 14932 | Gauntlet | Found a transporter.
 14950 | Gauntlet | Found a transporter.
 14962 | Gauntlet | Found a transporter.
 14964 | Gauntlet | Noticed a catoblepas
 14978 | Gauntlet | Found a transporter.
 15045 | Gauntlet | Found a transporter.
 15061 | Gauntlet | Found a transporter.
 15089 | Gauntlet | Found a transporter.
 15099 | Gauntlet | Found a transporter.
 15211 | Gauntlet | Identified the amulet of Orucomn {RegenMP *Corrode rElec
                  | rF+ Dex+2}
 15317 | Gauntlet | Noticed a minotaur
 15407 | Gauntlet | Killed a minotaur
 15754 | Lair:2   | Reached skill level 10 in Fighting
 15793 | Lair:2   | Noticed an eight-headed hydra
 15810 | Lair:2   | Killed a one-headed hydra
 16155 | Lair:2   | Reached XP level 13. HP: 103/103 MP: 13/13
 16574 | Lair:3   | Reached **** piety under Trog
 16916 | Lair:3   | Found a large runed translucent door.
 16916 | Lair:3   | Found a large runed translucent door.
 16938 | Lair:3   | Found a staircase to the Shoals.
 17047 | Lair:3   | Identified the +4 hand axe "Cakis" {drain, Contam Str+4
                  | Int+4}
 17172 | Lair:3   | Noticed Urimisua's ghost (journeyman DgDe)
 17212 | Lair:3   | Found a staircase to the Snake Pit.
 17769 | Lair:4   | Found a viscous altar of Jiyva.
 17769 | Lair:4   | Found a staircase to the Slime Pits.
 19095 | Lair:5   | Entered Level 5 of the Lair of Beasts
 19454 | Lair:5   | Reached XP level 14. HP: 110/116 MP: 14/14
 20698 | Lair:5   | Reached ***** piety under Trog
 22219 | D:12     | Found the +2 pair of slick slippers {slick, slippery, EV+4}
 23134 | D:13     | Reached XP level 15. HP: 125/126 MP: 15/15
 24340 | D:13     | Found a gate to the Vaults.
 24558 | D:14     | Reached skill level 1 in Shields
 24874 | D:14     | Noticed Lodul
 24900 | D:14     | Killed Lodul
 25310 | D:14     | Identified the ring of Itienu {rN+ rCorr Str+3 Int+6}
 25412 | D:14     | Reached skill level 15 in Fighting
 26421 | D:14     | Reached skill level 5 in Shields
 27528 | D:15     | Entered Level 15 of the Dungeon
 27729 | D:15     | Found a staircase to the Depths.
 27730 | D:15     | Noticed a fire giant
 27773 | D:15     | Killed a fire giant
 27873 | D:15     | Found a runed translucent gate.
 27873 | D:15     | Found a runed translucent gate.
 27888 | D:15     | Found a runed translucent gate.
 27889 | D:15     | Noticed Kehih's ghost (journeyman DrMo)
 28305 | D:15     | Identified the +0 pair of boots of Distant Worlds {rPois
                  | rF- Dex+5 SInv}
 28391 | D:15     | Reached XP level 16. HP: 136/136 MP: 16/16
 28750 | D:15     | Found a viscous altar of Jiyva.
 28783 | D:15     | Killed Kehih's ghost
 28831 | D:15     | Identified the ring "Atroynul" {*Corrode rElec Will+ Str+6}
 28975 | Orc:1    | Entered Level 1 of the Orcish Mines
 29114 | Orc:1    | You fall into a shaft and drop 1 floor!
 29114 | Orc:2    | Entered Level 2 of the Orcish Mines
 29119 | Orc:2    | Found Qitimon's Weapon Emporium.
 29929 | Orc:2    | Gained mutation: You are robust. (+10% HP) [a neqoxec]
 30382 | Orc:2    | Found Negoreh's Armour Shoppe.
 30383 | Orc:2    | Found Zieh's Magic Scroll Shoppe.
 30383 | Orc:2    | Found Xiehegg's Book Emporium.
 30384 | Orc:2    | Found Remutymi's Book Shoppe.
 30391 | Orc:2    | Bought a scroll of enchant weapon for 82 gold pieces
 30391 | Orc:2    | Bought a scroll of enchant armour for 82 gold pieces
 30391 | Orc:2    | Bought a scroll of summoning for 104 gold pieces
 30391 | Orc:2    | Bought a scroll of fog for 44 gold pieces
 30394 | Orc:2    | Bought a manual of Axes for 960 gold pieces
 30430 | Orc:2    | Found a staircase to the Elven Halls.
 30735 | Snake:1  | Entered Level 1 of the Snake Pit
 30743 | Snake:1  | Noticed Louise
 30765 | Snake:1  | Killed Louise
 31920 | Snake:2  | Reached skill level 10 in Shields
 32551 | Snake:2  | Received a gift from Trog
 33122 | Snake:3  | Upgraded the game from 0.31-a0-354-g827e0957a7 to
                  | 0.31-a0-358-gac0dbeb3ab
 33219 | Snake:3  | Noticed Aizul
 33244 | Snake:3  | Killed Aizul
 33378 | Snake:3  | Reached XP level 17. HP: 156/156 MP: 5/17
 34321 | Snake:3  | Found Ebreyd's Weapon Shoppe.
 34751 | Snake:4  | Entered Level 4 of the Snake Pit
 34975 | Snake:4  | Found a transporter.
 34975 | Snake:4  | Found Fihech's Assorted Antiques.
 34977 | Snake:4  | Found a transporter.
 34982 | Snake:4  | Bought a scroll of enchant weapon for 300 gold pieces
 34982 | Snake:4  | Bought a scroll of enchant weapon for 300 gold pieces
 34982 | Snake:4  | Bought a wand of light (2) for 336 gold pieces
 35033 | Snake:4  | Noticed Nikola
 35070 | Snake:4  | Killed Nikola
 36806 | Snake:4  | Received a gift from Trog
 36825 | Snake:4  | Got a serpentine rune of Zot
 37230 | Vaults:1 | Entered Level 1 of the Vaults
 37698 | Vaults:1 | Reached XP level 18. HP: 120/166 MP: 18/18
 38965 | Vaults:1 | Noticed Saint Roka
 39076 | Vaults:1 | Killed Saint Roka
 40000 | Vaults:1 | Reached skill level 10 in Armour
 40124 | Vaults:2 | Paralysed by a formless jellyfish for 1 turns
 40352 | Vaults:2 | Noticed Jory
 41747 | Vaults:2 | Killed Jory
 41938 | Vaults:2 | Found a staircase to the Crypt.
 42200 | Vaults:2 | Reached XP level 19. HP: 172/172 MP: 19/19
 42935 | Elf:1    | Entered Level 1 of the Elven Halls
 43156 | Abyss:2  | Cast into level 2 of the Abyss (a deep elf demonologist)
 43166 | Elf:1    | Escaped the Abyss
 43437 | Elf:1    | Noticed Asterion
 43456 | Elf:1    | Killed Asterion
 43681 | Elf:1    | Found Inus's Magic Scroll Emporium.
 43685 | Elf:1    | Bought a scroll of teleportation for 45 gold pieces
 43685 | Elf:1    | Bought a scroll of fear for 60 gold pieces
 43685 | Elf:1    | Bought a scroll of fog for 60 gold pieces
 43685 | Elf:1    | Bought a scroll of enchant weapon for 112 gold pieces
 43685 | Elf:1    | Bought a scroll of teleportation for 45 gold pieces
 43685 | Elf:1    | Bought a scroll of fear for 60 gold pieces
 44819 | Elf:2    | Received a gift from Trog
 44891 | Elf:2    | Found a runed translucent door.
 44891 | Elf:2    | Noticed Catuneh's ghost (adept MiFi)
 44924 | Elf:2    | Paralysed by an air elemental for 1 turns
 44929 | Elf:2    | Paralysed by an air elemental for 1 turns
 45262 | Elf:2    | Found a runed translucent gate.
 45263 | Elf:2    | Found a runed translucent gate.
 45263 | Elf:2    | Found a runed translucent gate.
 46104 | Elf:2    | Reached skill level 15 in Armour
 46357 | Elf:2    | Killed Catuneh's ghost
 46402 | Elf:3    | Entered Level 3 of the Elven Halls
 46442 | Elf:3    | Paralysed by an air elemental for 1 turns
 46652 | Elf:3    | Paralysed by an air elemental for 1 turns
 46697 | Elf:3    | Paralysed by an air elemental for 1 turns
 46700 | Elf:3    | Paralysed by an air elemental for 1 turns
 47759 | Elf:3    | Received a gift from Trog
 47760 | Elf:3    | Reached skill level 5 in Dodging
 47781 | Elf:3    | Reached XP level 20. HP: 181/182 MP: 20/20
 47979 | Elf:3    | Reached skill level 5 in Evocations
 47981 | Elf:3    | Identified the +1 trident of Pride {antimagic, *Noise rElec
                  | rPois rN+++}
 48478 | Elf:3    | Paralysed by an air elemental for 1 turns
 48481 | Elf:3    | Paralysed by an air elemental for 1 turns
 48752 | Elf:3    | Identified a scroll of acquirement
 48753 | Elf:3    | Acquired a +2 broad axe of flaming
 48879 | Elf:3    | Identified the +8 rapier "Teyparu" {freeze, rCorr Stlth+}
 48880 | Elf:3    | Identified the +6 rapier "Seiddait" {freeze, rN+}
 48884 | Elf:3    | Identified the +11 short sword of Misery {flame, rPois}
 49452 | Shoals:1 | Entered Level 1 of the Shoals
 49551 | Shoals:1 | Received a gift from Trog
 49717 | Shoals:1 | Noticed Jorgrun
 49730 | Shoals:1 | Killed Jorgrun
 50369 | Shoals:2 | Found a gateway to a bazaar.
 50504 | Shoals:2 | Found Vory's Distillery.
 50695 | Shoals:2 | Bought a potion of curing for 39 gold pieces
 50695 | Shoals:2 | Bought a potion of cancellation for 104 gold pieces
 50695 | Shoals:2 | Bought a potion of curing for 39 gold pieces
 50968 | Shoals:2 | Found Dat Qal's Book Shoppe.
 50976 | Shoals:2 | Bought a manual of Axes for 1440 gold pieces
 51066 | Shoals:2 | Found Itreop's Book Shoppe.
 51915 | Shoals:4 | Entered Level 4 of the Shoals
 51943 | Shoals:4 | Paralysed by an air elemental for 1 turns
 51950 | Shoals:4 | Paralysed by an air elemental for 1 turns
 52118 | Shoals:4 | Reached ****** piety under Trog
 52344 | Shoals:4 | Paralysed by an air elemental for 1 turns
 52350 | Shoals:4 | Received a gift from Trog
 52495 | Shoals:4 | Paralysed by an air elemental for 1 turns
 52523 | Shoals:4 | Found a shimmering altar of Xom.
 52661 | Shoals:4 | Paralysed by an air elemental for 1 turns
 52929 | Shoals:4 | Paralysed by an air elemental for 1 turns
 52973 | Shoals:4 | Paralysed by an air elemental for 1 turns
 53236 | Shoals:4 | Paralysed by an air elemental for 1 turns
 53265 | Shoals:4 | Got a barnacled rune of Zot
 53305 | Shoals:4 | Identified the +6 halberd of the Several Realms {flame,
                  | rPois} (Trog gifted it to you on level 4 of the Shoals)
 53305 | Shoals:4 | Received a gift from Trog
 53356 | Shoals:4 | Acquired the ring of Tucooph {rC+ rN+ Will++}
 53538 | Shoals:4 | Reached XP level 21. HP: 189/193 MP: 21/21
 54011 | Vaults:3 | Noticed Bai Suzhen
 54034 | Vaults:3 | Killed Bai Suzhen
 55162 | Vaults:3 | Noticed Sojobo
 55167 | Vaults:3 | Paralysed by an air elemental for 1 turns
 55305 | Vaults:3 | Found Sium's Magic Scroll Shoppe.
 55337 | Vaults:3 | Bought a scroll of acquirement for 676 gold pieces
 55337 | Vaults:3 | Bought a scroll of fear for 52 gold pieces
 55337 | Vaults:3 | Bought a scroll of blinking for 97 gold pieces
 55337 | Vaults:3 | Bought a scroll of fog for 52 gold pieces
 55337 | Vaults:3 | Acquired the +0 cloak of Untruth {rF++ Str+5 Stlth-}
 55811 | Vaults:3 | Killed Sojobo
 55913 | Vaults:3 | Received a gift from Trog
 56492 | Vaults:4 | Found Faekos's Armour Shop.
 57084 | Vaults:4 | Received a gift from Trog
 57356 | Vaults:5 | Entered Level 5 of the Vaults
 58030 | Vaults:5 | Reached XP level 22. HP: 107/202 MP: 22/22
 58793 | Vaults:4 | Received a gift from Trog
 58823 | Vaults:4 | Reached skill level 27 in Axes
 59929 | Vaults:5 | Identified the +6 short sword "Detylez" {flame, Str+3}
 59935 | Vaults:4 | Reached skill level 10 in Dodging
 60578 | Vaults:5 | Noticed a golden dragon
 60584 | Vaults:5 | Noticed an ancient lich
 60864 | Vaults:4 | Killed an ancient lich
 61118 | Vaults:5 | Noticed a golden dragon
 61132 | Vaults:4 | Killed a golden dragon
 61318 | Vaults:5 | Identified the +10 war axe "Jellybane" {flame, rC+ Dex+4
                  | Stlth-} (Trog gifted it to you on level 5 of the Vaults)
 61318 | Vaults:5 | Received a gift from Trog
 61674 | Vaults:5 | Killed a golden dragon
 61987 | Vaults:5 | Identified the +4 spear of Qasif {elec, rElec SInv}
 62104 | Vaults:5 | Identified the ring of Qazlal's Displeasure {rF+ rN++ MP+9
                  | Str+6}
 62242 | Vaults:5 | Got a silver rune of Zot
 62243 | Vaults:5 | Identified the +8 plate armour "Ipsaddac" {rElec rC+ Str+6}
 62788 | Depths:1 | Entered Level 1 of the Depths
 62914 | Depths:1 | Found a one-way gateway to a ziggurat.
 63150 | Depths:1 | Found a one-way gate to the infinite horrors of the Abyss.
 63340 | Depths:1 | Reached XP level 23. HP: 81/217 MP: 23/23
 63442 | Depths:1 | Found a gateway to Hell.
 65403 | Depths:1 | Gained mutation: Your spells are a little easier to cast,
                  | but a little less powerful. [a neqoxec]
 65417 | Depths:1 | Found a one-way gate leading to the halls of Pandemonium.
 66103 | Depths:2 | Identified the staff "Dogobbei" {rElec rC+ rN++ Air}
 66440 | Depths:2 | Received a gift from Trog
 67136 | Depths:3 | Noticed a caustic shrike
 67147 | Depths:3 | Killed a caustic shrike
 67487 | Depths:3 | Noticed a juggernaut
 67499 | Depths:3 | Killed a juggernaut
 67956 | Depths:3 | Found a stormy altar of Qazlal.
 68089 | Depths:3 | Found Ucoaxkyn's Weapon Shoppe.
 68089 | Depths:3 | Found Zikhleru's Weapon Emporium.
 68090 | Depths:3 | Found Boitzot's Book Emporium.
 68094 | Depths:3 | Found Zateruco's Distillery.
 68100 | Depths:3 | Bought a potion of enlightenment for 110 gold pieces
 68100 | Depths:3 | Bought 2 potions of enlightenment for 220 gold pieces
 68100 | Depths:3 | Bought a potion of curing for 66 gold pieces
 68100 | Depths:3 | Bought a potion of enlightenment for 110 gold pieces
 68100 | Depths:3 | Bought a potion of invisibility for 176 gold pieces
 68100 | Depths:3 | Bought a potion of might for 88 gold pieces
 68326 | Depths:4 | Entered Level 4 of the Depths
 68344 | Depths:4 | Identified the +0 pair of gloves of Hide-and-Seek {-Tele
                  | rCorr SInv}
 68365 | Depths:4 | Received a gift from Trog
 68592 | Depths:4 | Found a gate to the Realm of Zot.
 68744 | Depths:4 | Found a shadowy altar of Dithmenos.
 68797 | Depths:4 | Found Big Baal Hell's Store.
 68800 | Depths:4 | Paralysed by a wendigo for 1 turns
 68887 | Depths:4 | Noticed a juggernaut
 69020 | Depths:4 | Found Xubron Enynk's Jewellery Shoppe.
 69020 | Depths:4 | Found Legakhil's Book Shop.
 69021 | Depths:4 | Found Miso's Book Shop.
 69029 | Depths:4 | Bought the ring "Imme" {rElec rF+ Str+6 Int+3 Dex+2} for
                  | 675 gold pieces
 69295 | Zot:1    | Entered Level 1 of the Realm of Zot
 69383 | Zot:1    | Noticed a Killer Klown
 69399 | Zot:1    | Noticed a Killer Klown
 69414 | Zot:1    | Killed a Killer Klown
 69416 | Zot:1    | Killed a Killer Klown
 69775 | Zot:1    | Noticed a Killer Klown
 69794 | Zot:1    | Killed a Killer Klown
 69962 | Zot:1    | Found a shimmering altar of Xom.
 70030 | Zot:1    | Reached XP level 24. HP: 225/236 MP: 7/23
 70128 | Zot:1    | Identified the +1 morningstar "Vampire's Regret" {drain,
                  | Str+6}
 70196 | Zot:1    | Found a shimmering altar of Xom.
 70196 | Zot:1    | Found a shimmering altar of Xom.
 70197 | Zot:1    | Found a shimmering altar of Xom.
 70197 | Zot:1    | Found a shimmering altar of Xom.
 70568 | Zot:1    | Found a shimmering altar of Xom.
 70570 | Zot:1    | Found a shimmering altar of Xom.
 72722 | Bazaar   | Entered a bazaar
 72745 | Bazaar   | Found Orghopoda's Assorted Antiques.
 72769 | Bazaar   | Found Nume's Antique Weapon Boutique.
 72813 | Bazaar   | Found Plog's Antique Weapon Emporium.
 73868 | Zot:3    | Received a gift from Trog
 74911 | Zot:4    | Identified the +0 pair of boots of Hangman {rPois Str+4}
 75576 | Zot:4    | Found a runed translucent gate.
 75576 | Zot:4    | Noticed Ratusom's ghost (legendary NaHu)
 75577 | Zot:4    | Found a runed translucent gate.
 75615 | Zot:4    | Found a runed translucent gate.
 75629 | Zot:4    | Identified the ring "Oxavoclan" {Ice rPois rCorr Int+4
                  | Dex-4}
 75629 | Zot:4    | Noticed Josephina
 75655 | Zot:4    | Killed Josephina
 75861 | Zot:4    | Noticed an orb of fire
 75876 | Zot:4    | Killed an orb of fire
 75877 | Zot:4    | Reached XP level 25. HP: 251/251 MP: 23/23
 76512 | Zot:4    | Noticed an orb of fire
 76526 | Zot:4    | Gained mutation: Your body sometimes deteriorates upon
                  | taking damage. [an orb of fire]
 76531 | Zot:4    | Gained mutation: Your spells are easier to cast, but less
                  | powerful. [an orb of fire]
 76538 | Zot:4    | Gained mutation: You are dopey. (Int -2) [an orb of fire]
 76542 | Zot:4    | Killed an orb of fire
 77012 | Zot:4    | Killed Ratusom's ghost
 77267 | Zot:5    | Entered Level 5 of the Realm of Zot
 77613 | Zot:4    | Received a gift from Trog
 78173 | Zot:5    | Reached skill level 27 in Fighting
 78440 | Zot:5    | Noticed a Killer Klown
 78441 | Zot:5    | Noticed a dread lich
 78441 | Zot:5    | Noticed a Killer Klown
 78459 | Zot:5    | Killed a Killer Klown
 78471 | Zot:5    | Killed a dread lich
 78690 | Zot:5    | Noticed an orb of fire
 78707 | Zot:5    | Killed an orb of fire
 78826 | Zot:5    | Killed a Killer Klown
 78833 | Zot:5    | Noticed a Killer Klown
 78842 | Zot:5    | Killed a Killer Klown
 78849 | Zot:5    | Noticed a dread lich
 78866 | Zot:5    | Killed a dread lich
 78996 | Zot:5    | Noticed a Killer Klown
 79013 | Zot:5    | Killed a Killer Klown
 79064 | Zot:5    | Noticed an orb of fire
 79067 | Zot:5    | Gained mutation: You are very dopey. (Int -4) [an orb of
                  | fire]
 79076 | Zot:5    | Killed an orb of fire
 79083 | Zot:5    | Noticed a Killer Klown
 79085 | Zot:5    | Noticed a Killer Klown
 79091 | Zot:5    | Killed a Killer Klown
 79092 | Zot:5    | Noticed an orb of fire
 79093 | Zot:5    | Killed a Killer Klown
 79093 | Zot:5    | Noticed an orb of fire
 79099 | Zot:5    | Reached skill level 15 in Shields
 79101 | Zot:5    | Noticed an orb of fire
 79104 | Zot:5    | Gained mutation: Armour fits poorly on your strangely
                  | shaped body. [an orb of fire]
 79111 | Zot:5    | Killed an orb of fire
 79118 | Zot:5    | Killed an orb of fire
 79125 | Zot:5    | Killed an orb of fire
 79129 | Zot:5    | HP: 8/257 [purple draconian shifter/bolt of dispelling
                  | energy (24)]
 79473 | Zot:5    | Reached XP level 26. HP: 262/266 MP: 23/23
 79634 | Zot:5    | Got the Orb of Zot
 79766 | Depths:4 | Received a gift from Trog
 80246 | D:$      | Escaped with the Orb!

Illustrated notes

Levels and vault maps discovered:
D:1:      minmay_arrival_widening_spiral_wide, layout_basic
D:2:      layout_loops_ring
D:3:      layout_loops_ring, hellmonk_ecumenical_altar_blasted,
          serial_co_window_serial, co_window_paths_b, co_window_corner_a,
          co_window_of_opportunity_a, co_window_of_opportunity_a,
          co_window_paths_a, co_window_corner_ca, co_window_2corner,
          co_window_cross_2, co_window_unsneaky_path_c,
          co_window_unsneaky_path_a, glass_columns_a, glass_columns_a,
          glass_columns_a
D:4:      layout_layer_cave, gup_sewer_entry_pipe, corexii_shack,
          kennysheep_generic_room_8, uniq_edmund
D:5:      layout_cave_pools, grunt_decor_mini_mirrors
D:6:      layout_rooms, serial_shops, kennysheep_mini, nicolae_zen_rock_garden
D:7:      wander_guarded_unrand_ratskin, layout_loops_ring,
          nicolae_uskayaw_en_pointe, minmay_temple_entry_mini_moons,
          uniq_crazy_yiuf_cottage
D:8:      layout_loops_ring, minmay_overflow_temple_star_quad, erik_lair_dragon,
          kennysheep_flooded_box, uniq_psyche
D:9:      layout_roguey [special_room_orc], lemuel_mausoleum_altar_yredelemnul,
          lemuel_blue_sif_altar, minmay_fire_ice_demons
D:10:     layout_loops_corners, uniq_sonja, uniq_fannar
D:11:     layout_basic, erik_orc_2, worms_lemuel, uniq_harold
D:12:     minmay_chopped_fan, layout_basic
D:13:     layout_long_grid, ximxim_vaults_locker_room, drop_trap
D:14:     evilmike_diamond_2, layout_loops_cross, uniq_lodul
D:15:     grunt_enter_depths_giant_problem, layout_loops_ring,
          gammafunk_ghost_ooze
Temple:   nicolae_temple_slightly_damp_pantheon
Lair:1:   layout_regular_city, chequers_serial_rivers_room_b,
          serial_bayou_shore_b, grunt_megastairs_2, uniq_joseph
Lair:2:   layout_long_grid, portal_ice_cave_entry_pillars_2,
          gauntlet_entry_generic
Lair:3:   layout_roguey [special_room_bee], elwin_shoals_entry_stream,
          minmay_snake_entry_guardpost_large, ebering_ghost_disaster_area
Lair:4:   layout_regular_city, nicolae_slime_entry_slimehenge
Lair:5:   due_jungle_book, layout_cave_pods, lemuel_fruit_fields
Shoals:1: layout_shoals, uniq_jorgrun
Shoals:2: layout_shoals, serial_shops, statue_bzr, nicolae_shop_back_alley_shop,
          shop, shop
Shoals:3: layout_shoals, nicolae_shoals_square_sea_wall
Shoals:4: shoals_end_hellmonk_storm_palace [storm_palace_center_square,
          storm_palace_corner_grid, storm_palace_corner_blocked,
          storm_palace_corner_pillars, storm_palace_corner_altar]
Snake:1:  hangedman_cross_stitches, layout_concentric_octagons, uniq_louise
Snake:2:  layout_chambers
Snake:3:  layout_chambers, nicolae_snake_guarding_the_ruins, lemuel_fruit_tree,
          minmay_shop_star, uniq_aizul
Snake:4:  grunt_snake_rune_pools, layout_cave_town, serial_shops,
          nicolae_shop_drivethru, statue_in_the_mist_lemuel, uniq_nikola
Orc:1:    layout_diamond_mine
Orc:2:    st_orc_pillars, layout_diamond_mine, serial_shops, nicolae_shop_stone,
          library_closet
Elf:1:    layout_onion_city, serial_shops, nicolae_diamond_shop,
          hangedman_elf_represent, grunt_megastairs_1, uniq_asterion
Elf:2:    nicolae_elf_blades_crystal_corner, layout_onion_city,
          gammafunk_ghost_grave
Elf:3:    minmay_elf_hall_dome, layout_gridlike
Vaults:1: nicolae_vaults_frosty_reception, nicolae_vaults_offset_grid_hallway_2,
          nicolae_vaults_big_angled_halls, nicolae_vaults_c_with_doors,
          nicolae_vaults_sesquioval_fish, ontoclasm_vaults_ring_square,
          nicolae_vaults_little_squares_5, vaults_dpeg_diagonal,
          nicolae_vaults_wine_cellar, vaults_mumra_chevron, v_misc_4,
          nicolae_vaults_two_Ls, v_pattern_3, vaults_dpeg_emergency_exit,
          hangedman_vaults_unwind, nicolae_vaults_little_squares_1,
          layout_vaults_maze, uniq_saint_roka
Vaults:2: v_misc_25, st_cells, dpeg_vaults_monster_box,
          ontoclasm_vaults_loading_screen, nicolae_vaults_circle_grid_a,
          nicolae_vaults_tangram_2, nicolae_vaults_bisected_exclaves,
          ontoclasm_vaults_idyll, layout_vaults_omnigrid, uniq_jory
Vaults:3: nicolae_vaults_network_quinsquares
          [nicolae_vaults_network_quincunx_subvault,
          nicolae_vaults_network_quincunx_subvault,
          nicolae_vaults_network_quincunx_subvault,
          nicolae_vaults_network_quincunx_subvault], v_misc_11,
          nicolae_vaults_circle_grid_b, vaults_room_large_hall,
          nicolae_vaults_quartermaster, ontoclasm_vaults_chip,
          nicolae_vaults_closet_pinwheel_1, nicolae_vaults_storage_room_water,
          nicolae_vaults_little_squares_1, vaults_room_door_hall,
          nicolae_vaults_gold_heap, grunt_vaults_twisty, layout_vaults_ring,
          serial_shops, shop, uniq_bai_suzhen, uniq_sojobo
Vaults:4: nicolae_vaults_puzzle_piece, nicolae_vaults_storage_closets_3,
          nicolae_vaults_circle_grid_b, hangedman_vaults_nodes,
          nicolae_vaults_little_squares_3, nicolae_vaults_ring_of_whatevers,
          layout_vaults_big_room, serial_shops, nicolae_shop_hallway_stairs
Vaults:5: serial_shops
Depths:1: layout_basic, enter_ziggurat_b, hangedman_abyss_entry_splay,
          hell_entry, rand_demon_pan_entry_9, chequers_serial_rivers_small_a,
          beargit_elvish_explorers
Depths:2: kennysheep_bubble_arena, layout_gridville, rand_demon_pan_entry_3,
          serial_bayou_pond_c, grunt_hell_entry_dis_mu, hangedman_decor_push,
          infiniplex_staircase_split_hallway
Depths:3: minmay_two_paths, layout_cave_pools, grunt_qazlal_clouds,
          grunt_mini_vestibule, abyss_entry, minmay_misc_feat_x,
          kennysheep_another_room, minmay_staircase_windowed_large,
          minmay_shoptagon, serial_bayou_shore_b
Depths:4: evilmike_zot_entry_diamond, layout_cross,
          nicolae_hell_entry_big_baal_hell, nicolae_dithmenos_shadow_blocks,
          minmay_shop_grove
Zot:1:    dreamdust_zin_vs_xom, layout_misc_corridors, grunt_megastairs_3
Zot:2:    nicolae_zot_stationary_front, layout_onion, grunt_megastairs_5
Zot:3:    layout_concentric_octagons, hangedman_zot_decor_tridents,
          nicolae_zot_crop_circle
Zot:4:    grunt_zot_stairs_mandelzot, layout_cathedral_of_symmetry,
          ebering_ghost_rock_garden, uniq_josephina
Zot:5:    layout_cathedral_of_symmetry

Skill      XL: |  1  2  3  4  5  6  7  8  9 10 11 12 13 14 15 16 17 18 19 20 21 22 23 24 25 26 |
---------------+-------------------------------------------------------------------------------+-----
Short Blades   | 3 |  3.8
Fighting       | 3 4 6 10 12 14 15 16 17 18 20 23 26 27 | 27.0
Throwing       | 1 2 |  2.0
Dodging        | 3 5 9 10 | 10.0
Axes           | 2 3 5 7 10 12 13 15 16 17 18 19 21 23 26 27 | 27.0
Evocations     | 3 4 6 |  6.0
Armour         | 3 5 6 12 15 | 15.0
Shields        | 6 11 12 16 17 | 17.0
Stealth        | |  7.4

Action                     |  1- 3 |  4- 6 |  7- 9 | 10-12 | 13-15 | 16-18 | 19-21 | 22-24 | 25-27 || total
---------------------------+-------+-------+-------+-------+-------+-------+-------+-------+-------++-------
  Melee: Short sword       |    21 |       |       |       |       |       |       |       |       ||    21
         Punch             |     1 |     2 |     9 |     8 |    19 |       |       |       |       ||    39
         Dagger            |    56 |       |       |       |       |       |       |       |       ||    56
         War axe           |     9 |   143 |   491 |   674 |  1280 |  2133 |   727 |       |       ||  5457
         Bite              |     1 |    13 |    71 |    96 |   247 |   427 |   359 |   348 |   111 ||  1673
         Hand axe          |       |       |       |    11 |    65 |       |       |       |       ||    76
         Broad axe         |       |       |       |       |       |       |  1055 |  1593 |   569 ||  3217
  Throw: Dart              |     5 |     8 |       |    12 |       |     9 |     4 |       |       ||    38
         Boomerang         |       |     9 |    10 |    37 |    14 |       |       |       |       ||    70
         Throwing net      |       |       |       |       |     2 |       |       |     3 |       ||     5
         Javelin           |       |       |       |       |       |       |     2 |     7 |       ||     9
 Invoke: Berserk           |       |       |       |    22 |    40 |    29 |    19 |    37 |     9 ||   156
         Trog's Hand       |       |       |       |     4 |     2 |    15 |    13 |     1 |       ||    35
         Brothers in Arms  |       |       |       |       |     3 |     7 |     3 |     2 |       ||    15
  Evoke: Wand              |       |       |     7 |     5 |     1 |     6 |     7 |     6 |     9 ||    41
    Use: Scroll            |     2 |       |    16 |     6 |     9 |     7 |    21 |    11 |     5 ||    77
         Potion            |     1 |       |     4 |     5 |       |     6 |     2 |     4 |     5 ||    27
   Stab: Sleeping          |    12 |       |    10 |    17 |     6 |       |       |       |       ||    45
         Distracted        |       |       |     1 |     2 |     4 |     8 |     4 |       |       ||    19
         Held in net/web   |       |       |       |       |     2 |       |       |     1 |       ||     3
         Petrifying        |       |       |       |       |     2 |       |       |       |       ||     2
         Petrified         |       |       |       |       |     2 |       |       |       |       ||     2
         Invisible         |       |       |       |       |       |       |       |    19 |       ||    19
 Armour: Leather armour    |     8 |       |       |       |       |       |       |       |       ||     8
         Chain mail        |    19 |   100 |   191 |       |    81 |   105 |       |       |       ||   496
         Steam dragon scal |       |       |    69 |   107 |       |       |       |       |       ||   176
         Scale mail        |       |       |       |   208 |   557 |       |       |       |       ||   765
         Plate armour      |       |       |       |       |       |   766 |   704 |   298 |       ||  1768
         Storm dragon scal |       |       |       |       |       |       |       |    80 |       ||    80
         Gold dragon scale |       |       |       |       |       |       |       |   477 |   181 ||   658
  Dodge: Dodged            |    48 |   103 |   256 |   378 |   663 |   281 |   497 |   505 |   114 ||  2845
  Block: Kite shield       |       |       |       |       |   208 |   174 |       |       |       ||   382
         Tower shield      |       |       |       |       |       |  1519 |  1435 |  1380 |   367 ||  4701

Table legend: (Time is in decaauts)
 A = Elapsed time spent in this place.
 B = Non-inter-level travel time spent in this place.
 C = Inter-level travel time spent in this place.
 D = Time resting spent in this place.
 E = Time spent auto-exploring this place.
 F = Levels seen in this place.
 G = Mean time per level.
                   A        B        C        D        E       F      G
               +--------+--------+--------+--------+--------+-----+--------+
         Total |  80739 |  72186 |   8553 |  20517 |  31101 |  51 | 1583.1 |
       Dungeon |  23160 |  19238 |   3922 |   4667 |   9717 |  15 | 1544.0 |
        Temple |     20 |     20 |      0 |      0 |      0 |   1 |   20.0 |
          Lair |   7924 |   7156 |    768 |   2256 |   3605 |   5 | 1584.8 |
        Shoals |   4494 |   3979 |    515 |    820 |   1909 |   4 | 1123.5 |
     Snake Pit |   6301 |   6107 |    194 |   1104 |   3152 |   4 | 1575.2 |
  Orcish Mines |   1993 |   1422 |    571 |    109 |    658 |   2 |  996.5 |
   Elven Halls |   6366 |   6164 |    202 |   2215 |   1748 |   3 | 2122.0 |
        Vaults |  13891 |  12542 |   1349 |   4912 |   3304 |   5 | 2778.2 |
        Depths |   6517 |   6021 |    496 |   1538 |   3198 |   4 | 1629.2 |
           Zot |   9037 |   8505 |    532 |   2597 |   3407 |   5 | 1807.4 |
         Abyss |      9 |      9 |      0 |      0 |      0 |   1 |    9.0 |
        Bazaar |    129 |    129 |      0 |      0 |     98 |   1 |  129.0 |
      Gauntlet |    892 |    892 |      0 |    295 |    303 |   1 |  892.0 |
               +--------+--------+--------+--------+--------+-----+--------+

Top non-repeatable levels by time:
Vaults:4: 4447 daAuts
Vaults:1: 3234 daAuts
   Elf:2: 2895 daAuts
   Zot:4: 2859 daAuts
    D:14: 2820 daAuts
Vaults:3: 2325 daAuts
Vaults:2: 2311 daAuts
    D:13: 2300 daAuts
    D:10: 2251 daAuts
  Lair:5: 2245 daAuts
 Snake:4: 2043 daAuts
Depths:1: 2020 daAuts
 Snake:3: 1894 daAuts
   Elf:1: 1859 daAuts
   Zot:5: 1847 daAuts
